 Dungeon Crawl Stone Soup version 0.32-a0-673-g3729bd5 (webtiles) character file.

Game seed: 13594404623999280934

87 Meow the Conjurer (level 4, 36/36 HPs)
             Began as a Naga Conjurer on Mar 10, 2024.
             Quit the game on level 2 of the Dungeon.
             The game lasted 00:03:54 (1324 turns).

Meow the Conjurer (Naga Conjurer)                   Turns: 1324, Time: 00:03:55

Health: 36/36      AC:  4    Str:  9    XL:     4   Next: 51%
Magic:  17/17      EV:  9    Int: 20    God:
Gold:   112        SH:  0    Dex: 10    Spells: 6/9 levels left

rFire   . . .        a - +0 hand axe
rCold   . . .        (no shield)
rNeg    . . .        c - +0 robe
rPois   +            (no helmet)
rElec   .            (no cloak)
rCorr   +            d - +1 pair of gloves
SInv    +            (no barding)
Will    .....        (no amulet)
Stlth   ++           g - ring of magical power
HPRegen 0.26/turn    p - ring of resist corrosion
MPRegen 0.15/turn

%: no passive effects
@: studying Ranged Weapons, very slow
A: AC +1, large, see invisible, deformed body, poison resistance, slowness 2,
spit poison 1, naga tail 1
a: Spit Poison


You were on level 2 of the Dungeon.
You visited 1 branch of the dungeon, and saw 2 of its levels.

You collected 112 gold pieces.

Inventory:

Hand Weapons
 a - a +0 hand axe (weapon)
Missiles
 e - 2 javelins
 l - 3 poisoned darts
Armour
 c - a +0 robe (worn)
 d - a +1 pair of gloves (worn)
Jewellery
 g - a ring of magical power (left hand)
 p - a ring of resist corrosion (right hand)
Wands
 m - a wand of flame (19)
 r - a wand of paralysis (7)
Scrolls
 f - a scroll of fog
 h - a scroll of blinking
 n - a scroll of revelation {unknown}
 q - a scroll of amnesia {unknown}
 s - a scroll of enchant armour {unknown}
Potions
 b - a potion of magic
 i - a potion of curing {unknown}
 j - 2 potions of enlightenment {unknown}
 o - 2 potions of mutation {unknown}


   Skills:
 - Level 1.5 Dodging
 - Level 3.0 Stealth
 + Level 3.3 Spellcasting
 + Level 5.0 Conjurations


You had 6 spell levels left.
You knew the following spells:

 Your Spells              Type           Power      Damage    Failure   Level
a - Magic Dart            Conj           92%        1d7       1%          1
b - Searing Ray           Conj           46%        2d6       2%          2

Your spell library contained the following spells:

 Spells                   Type           Power      Damage    Failure   Level
 Fulminant Prism          Conj/Alch      6%         3d6       43%         4
 Iskenderun's Mystic Bla  Conj/Tloc      13%        2d5       43%         4
 Sculpt Simulacrum        Ice/Alch       1%         N/A       100%        6
 Ozocubu's Refrigeration  Ice            1%         4d7       100%        7
 Polar Vortex             Ice            1%         N/A       100%        9


Dungeon Overview and Level Annotations

Branches:
Dungeon (2/15)

Altars:
Wu Jian


Innate Abilities, Weirdness & Mutations

Your serpentine skin is tough. (AC +1)
You have supernaturally acute eyesight. (SInv)
Armour fits poorly on your strangely shaped body.
Your system is resistant to poisons. (rPois)
You cover ground very slowly.
You can spit poison.
You have a snake-like lower body.


Message History

(Press . to maintain the ray.)
Your Conjurations skill increases to level 5!
p - a ring of resist corrosion (right hand)
You see here a +0 leather armour.
You have got your breath back.
Your magical contamination has completely faded away.
A dart slug comes into view.
There is a stone staircase leading down here.
A dart slug is nearby!
Casting: Searing Ray (safe; 2% risk of failure)
Confirm with . or Enter, or press ? or * to list all spells.
Aiming: Magic Dart (safe; 1% risk of failure)
Press: ? - help, Shift-Dir - straight line, f - dart slug
Aim: a dart slug (asleep, 100% to hit)
The magic dart hits the dart slug.
The dart slug is heavily wounded.
Casting: Magic Dart (safe; 1% risk of failure)
Confirm with . or Enter, or press ? or * to list all spells.
Aiming: Magic Dart (safe; 1% risk of failure)
Press: ? - help, Shift-Dir - straight line, f/p - dart slug
Aim: a dart slug (heavily wounded, 100% to hit)
The magic dart hits the dart slug.
You kill the dart slug!
Casting: Magic Dart (safe; 1% risk of failure)
Confirm with . or Enter, or press ? or * to list all spells.
You can't see any susceptible monsters within range! (Use Z to cast anyway.) Unknown command.
Unknown command.
q - a scroll labelled IMOAJ WU ZIM
r - a wand of paralysis (7)
You pick up a manual of Ranged Weapons and begin studying.
s - a scroll labelled BYITHY ZYNOH Done exploring.
Done exploring.
As you read the scroll labelled XID NIHIOFORI, it crumbles to dust.
It is a scroll of identify.
f - a scroll of fog
As you read the scroll of identify, it crumbles to dust.
h - a scroll of blinking Are you sure you want to abandon this character and quit the game? (Confirm with "yes".)

###### ######
#....## #....#
#.....# #....#
#.....# #..@.#
###.... ##..##
####. #..## #.
#...# ##
#.#.####### ######
#.#.......####.....
#.###.#............
#.# #....#.........
#.# ##...#.........


There were no monsters in sight!

Vanquished Creatures
  5 adders (D:2)
  2 dart slugs (D:2)
  A ribbon worm (D:2)
  4 ball pythons (D:2)
  5 endoplasms
  7 hobgoblins
  A quokka (D:2)
  2 frilled lizards
  2 goblins
  5 kobolds
  2 rats
36 creatures vanquished.

Notes
Turn   | Place    | Note
-------+----------+-------------------------------------------
     0 | D:1      | Meow the Naga Conjurer began the quest for the Orb.
     0 | D:1      | Reached XP level 1. HP: 15/15 MP: 3/3
   386 | D:1      | Reached XP level 2. HP: 22/22 MP: 5/5
   389 | D:1      | Learned a level 2 spell: Searing Ray
   604 | D:2      | Found an ornate altar of the Wu Jian Council.
   848 | D:2      | Reached XP level 3. HP: 23/28 MP: 6/6
   944 | D:2      | Reached XP level 4. HP: 28/36 MP: 8/8
  1179 | D:2      | Reached skill level 5 in Conjurations
  1324 | D:2      | Quit the game

Illustrated notes

Levels and vault maps discovered:
D:1:      ldierk_walled_garden, layout_rooms, grunt_decor_arrowhead,
          minmay_misc_feat_encased, serial_bayou_lagoon_a
D:2:      minmay_diamond_boxcup, layout_rooms, basic_altar

Skill      XL: |  1  2  3  4 |
---------------+-------------+-----
Spellcasting   | 3 |  3.3
Conjurations   | 5 |  5.0
Dodging        | |  1.5
Stealth        | |  3.0

Action                     |  1- 3 |  4- 6 || total
---------------------------+-------+-------++-------
  Melee: Hand axe          |     3 |       ||     3
   Cast: Magic Dart        |    42 |     4 ||    46
         Searing Ray       |     1 |     5 ||     6
Ability: Spit Poison       |    10 |     6 ||    16
    Use: Scroll            |       |     2 ||     2
 Armour: Robe              |     7 |     1 ||     8
  Dodge: Dodged            |     3 |     1 ||     4

Table legend: (Time is in decaauts)
 A = Elapsed time spent in this place.
 B = Non-inter-level travel time spent in this place.
 C = Inter-level travel time spent in this place.
 D = Time resting spent in this place.
 E = Time spent auto-exploring this place.
 F = Levels seen in this place.
 G = Mean time per level.
                   A        B        C        D        E       F      G
               +--------+--------+--------+--------+--------+-----+--------+
         Total |   1642 |   1613 |     29 |    398 |   1002 |   2 |  821.0 |
       Dungeon |   1642 |   1613 |     29 |    398 |   1002 |   2 |  821.0 |
               +--------+--------+--------+--------+--------+-----+--------+

Top non-repeatable levels by time:
     D:2: 870 daAuts
     D:1: 771 daAuts
